 Dungeon Crawl Stone Soup version 0.28-a0-1347-g113dc556a4 (webtiles) character file.

Game seed: 7321149718365990498

82 vivovinco the Sneak (level 4, -2/27 HPs)
             Began as an Octopode Hedge Wizard on Dec 30, 2021.
             Slain by a gnoll (11 damage)
             ... on level 3 of the Dungeon.
             The game lasted 00:10:13 (2998 turns).

vivovinco the Sneak (Octopode Hedge Wizard)         Turns: 2998, Time: 00:10:13

Health: -2/27      AC:  1    Str:  9    XL:     4   Next: 43%
Magic:  6/9        EV: 13    Int: 18    God:
Gold:   63         SH:  0    Dex: 11    Spells: 5/10 levels left

rFire   . . .      SeeInvis .   a - +0 dagger
rCold   . . .      Faith    .   (no shield)
rNeg    . . .      Spirit   .   b - +0 hat
rPois   .          Reflect  .   (no amulet)
rElec   .          Harm     .   (no ring)
rCorr   .          Rampage  .   (no ring)
Will    .....                   (no ring)
Stlth   +++.......              (no ring)
HPRegen 0.09/turn               (no ring)
MPRegen 0.11/turn               (no ring)
                                (no ring)
                                (no ring)

@: no status effects
A: almost no armour, amphibious, 8 rings, camouflage 1, gelatinous body 1,
(nimble swimmer 1), tentacles
a: no special abilities


You were on level 3 of the Dungeon.
You visited 1 branch of the dungeon, and saw 4 of its levels.

You collected 63 gold pieces.

Inventory:

Hand Weapons
 a - a +0 dagger (weapon)
Missiles
 c - 70 stones
 l - 4 silver javelins
Armour
 b - a +0 hat (worn)
Jewellery
 i - a ring of willpower
Scrolls
 d - a scroll of fog {unknown}
 e - 2 scrolls of summoning {unknown}
 f - a scroll of noise {unknown}
 g - 4 scrolls of identify {unknown}
 h - a scroll of enchant weapon {unknown}
 m - a scroll of amnesia {unknown}
Potions
 j - a potion of heal wounds {unknown}
 k - a potion of curing {unknown}
 n - a potion of attraction {unknown}


   Skills:
 + Level 2.5 Dodging
 + Level 3.6 Stealth
 + Level 3.6 Spellcasting
 + Level 1.0 Conjurations
 + Level 0.2 Hexes
 + Level 1.2 Summonings
 * Level 1.9 Necromancy
 + Level 1.0 Translocations


You had 5 spell levels left.
You knew the following spells:

 Your Spells              Type           Power      Damage    Failure   Level
a - Magic Dart            Conj           24%        1d4       10%         1
b - Slow                  Hex            16%        N/A       14%         1
c - Pain                  Necr           40%        1d6       7%          1
d - Blink                 Tloc           12%        N/A       16%         2

Your spell library contained the following spells:

 Spells                   Type           Power      Damage    Failure   Level
 Animate Skeleton         Necr           20%        N/A       7%          1
 Call Imp                 Summ           7%         N/A       14%         2
 Corpse Rot               Necr/Air       12%        N/A       16%         2
 Searing Ray              Conj           12%        2d4       16%         2
 Vampiric Draining        Necr           10%        2d6       21%         3
 Conjure Flame            Conj/Fire      5%         6-21      36%         3
 Mephitic Cloud           Conj/Pois/Air  4%         N/A       38%         3
 Dispel Undead            Necr           10%        3d9       56%         4
 Fulminant Prism          Conj/Hex       2%         3d6       75%         4
 Death Channel            Necr           5%         N/A       100%        6


Dungeon Overview and Level Annotations

Branches:
Dungeon (4/15)
 Temple: D:4-7

Altars:


Innate Abilities, Weirdness & Mutations

You cannot wear most types of armour.
You are amphibious.
You can wear up to eight rings at the same time.
Your skin changes colour to match your surroundings (Stealth+).
Your rubbery body absorbs attacks. (AC +1, EV +1)
((You are camouflaged when in or above water. (Stealth+)))
You have tentacles for arms and can constrict up to eight enemies at once.


Message History

You hit the gnoll.
The gnoll is severely wounded.
You constrict the gnoll. The gnoll barely misses you.
You hit the gnoll but do no damage.
The gnoll is almost dead.
You constrict the gnoll.
You kill the gnoll!
The gnoll closely misses you.
Casting: Slow (safe; 14% risk of failure)
Confirm with . or Enter, or press ? or * to list all spells.
Aiming: Slow (safe; 14% risk of failure)
Press: ? - help, Shift-Dir - straight line, f/p - gnoll
Aim: a gnoll, wielding a +0 flail (chance to affect: 49%)
The gnoll resists with some effort.
The gnoll barely misses you. x2
You closely miss the gnoll. You grab the gnoll.
You constrict the gnoll, but do no damage.
The gnoll misses you. The gnoll closely misses you.
Casting: Slow (safe; 14% risk of failure)
Confirm with . or Enter, or press ? or * to list all spells.
Aiming: Slow (safe; 14% risk of failure)
Press: ? - help, Shift-Dir - straight line, f/p - gnoll
Aim: a gnoll, wielding a +0 flail (constricted by you, chance to affect: 49%)
The gnoll seems to slow down.
You constrict the gnoll, but do no damage.
The gnoll completely misses you. The gnoll misses you.
You hit the gnoll.
The gnoll is moderately wounded.
You constrict the gnoll. The gnoll closely misses you.
You hit the gnoll but do no damage.
The gnoll is heavily wounded.
You constrict the gnoll. The gnoll closely misses you.
The gnoll completely misses you.
You hit the gnoll.
The gnoll is severely wounded.
You constrict the gnoll. The gnoll closely misses you.
The gnoll hits you with a +0 flail!
You hit the gnoll.
You kill the gnoll!
The gnoll hits you from afar with a +0 spear!
You die...

#.............#
#.#....########
#.#..### #.#..#
#.#..# #.#..# #.#..#
#.#..# #########.###
#.#..# #....@)......
#.#..###.#####g#####
#..............#
#..#####.#######
#....# #.# #....#
#.# #....# #.#
##.#.# #.# #.#.# #.#


You could see a gnoll.

Vanquished Creatures
  2 gnolls (D:3)
  3 adders (D:2)
  2 worms (D:2)
  2 dart slugs
  4 ball pythons (D:2)
  2 endoplasms
  2 giant cockroaches
  5 goblins
  3 hobgoblins
  3 jackals (D:3)
  A quokka (D:1)
  3 bats
  2 frilled lizards (D:3)
  2 kobolds (D:1)
  2 rats
38 creatures vanquished.

Notes
Turn   | Place    | Note
-------+----------+-------------------------------------------
     0 | D:1      | vivovinco the Octopode Hedge Wizard began the quest for the
                  | Orb.
     0 | D:1      | Reached XP level 1. HP: 11/11 MP: 4/4
     2 | D:1      | Learned a level 1 spell: Slow
   165 | D:1      | Found a faded altar of an unknown god.
   220 | D:1      | Learned a level 1 spell: Pain
   274 | D:1      | Reached XP level 2. HP: 17/17 MP: 6/6
  1086 | D:2      | Reached XP level 3. HP: 18/21 MP: 3/7
  1232 | D:2      | Reached skill level 1 in Necromancy
  1576 | D:2      | Learned a level 2 spell: Blink
  2247 | D:2      | Reached XP level 4. HP: 27/27 MP: 9/9
  2998 | D:3      | Slain by a gnoll

Illustrated notes

Levels and vault maps discovered:
D:1:      psy_arrival_radial01, layout_rooms, basic_ecumenical_altar,
          serial_aquarium, aquarium_bridge_square [aquarium_subvault_bridge,
          aquarium_subvault_wall, aquarium_subvault_wall,
          aquarium_subvault_wall], aquarium_bridge_long_joined
          [aquarium_subvault_balcony, aquarium_subvault_bridge,
          aquarium_subvault_bridge, aquarium_subvault_wall,
          aquarium_subvault_wall, aquarium_subvault_wall], aquarium_window_2,
          aquarium_window_fake, aquarium_window_1, aquarium_window_1,
          aquarium_view_2f, aquarium_view_2b
D:2:      layout_loops_cross, minmay_pentomino_q4
D:3:      layout_loops_ring
D:4:      kennysheep_goblin_castle, layout_loops_ring, fedhas_altar_4

Skill      XL: |  1  2  3 |
---------------+----------+-----
Stealth        | 3 |  3.6
Necromancy     | 1 |  1.9
Dodging        | |  2.5
Spellcasting   | |  3.6
Conjurations   | |  1.0
Hexes          | |  0.2
Summonings     | |  1.2
Translocations | |  1.0

Action                   |  1- 3 |  4- 6 || total
-------------------------+-------+-------++-------
Melee: Dagger            |    61 |    37 ||    98
       Tentacles         |    14 |     5 ||    19
       Constrict         |    12 |     8 ||    20
 Cast: Magic Dart        |    10 |       ||    10
       Slow              |     6 |    13 ||    19
       Pain              |    22 |     6 ||    28
 Stab: Sleeping          |     6 |     1 ||     7
Armor: Skin              |     4 |     1 ||     5
Dodge: Dodged            |    34 |    29 ||    63

Table legend: (Time is in decaauts)
 A = Elapsed time spent in this place.
 B = Non-inter-level travel time spent in this place.
 C = Inter-level travel time spent in this place.
 D = Time resting spent in this place.
 E = Time spent auto-exploring this place.
 F = Levels seen in this place.
 G = Mean time per level.
                   A        B        C        D        E       F      G
               +--------+--------+--------+--------+--------+-----+--------+
         Total |   3002 |   2949 |     53 |    817 |   1721 |   4 |  750.5 |
       Dungeon |   3002 |   2949 |     53 |    817 |   1721 |   4 |  750.5 |
               +--------+--------+--------+--------+--------+-----+--------+

Top non-repeatable levels by time:
     D:2: 1885 daAuts
     D:1: 688 daAuts
     D:3: 427 daAuts
     D:4: 1 daAuts
